 Dungeon Crawl Stone Soup version 0.29.1-1-gd02db6906a (webtiles) character file.

Game seed: 7319716007487155988

2906 mcbry74 the Cleaver (level 9, 0/79 HPs)
             Began as a Minotaur Berserker on Sept 23, 2022.
             Was an Elder of Trog.
             Shot with an arrow by a centaur (8 damage)
             ... on level 6 of the Dungeon.
             The game lasted 00:23:18 (8331 turns).

mcbry74 the Cleaver (Minotaur Berserker)            Turns: 8331, Time: 00:23:18

Health: 0/79       AC: 12    Str: 24    XL:     9   Next: 49%
Magic:  8/8        EV: 12    Int: 12    God:    Trog [****..]
Gold:   1317       SH:  4    Dex: 10    Spells: 8/8 levels left

rFire   . . .      SeeInvis .   a - +0 hand axe
rCold   . . .      Faith    .   z - +0 buckler
rNeg    . . .      Spirit   .   c - +1 ring mail {Will+}
rPois   .          Reflect  .   f - +1 hat
rElec   .          Harm     .   l - +1 cloak
rCorr   .          Rampage  .   (no gloves)
Will    +....                   y - +0 pair of boots
Stlth   ..........              (no amulet)
HPRegen 0.23/turn               A - +6 ring of intelligence
MPRegen 0.11/turn               (no ring)

@: no status effects
A: horns 2, retaliatory headbutt
a: Renounce Religion, Berserk, Trog's Hand, Brothers in Arms


You were on level 6 of the Dungeon.
You worshipped Trog.
Trog was greatly pleased with you.
You visited 1 branch of the dungeon, and saw 6 of its levels.
You also visited: Sewer.

You collected 1317 gold pieces.

Inventory:

Hand Weapons
 a - a +0 hand axe (weapon)
 D - a +2 mace of holy wrath
 G - a +2 antimagic trident
Missiles
 b - 12 poisoned darts (quivered)
 i - 33 stones
 j - 5 boomerangs
Armour
 c - a +1 ring mail of willpower (worn)
 f - a +1 hat (worn)
 l - a +1 cloak (worn)
 y - a +0 pair of boots (worn)
 z - a +0 buckler (worn)
Jewellery
 A - a +6 ring of intelligence (left hand)
Wands
 B - a wand of charming (6)
 E - a wand of roots (13)
Scrolls
 d - 4 scrolls of poison
 g - a scroll of enchant weapon
 k - a scroll of fear
 m - 2 scrolls of blinking
 o - a scroll of identify
 p - 3 scrolls of teleportation
 t - a scroll of noise {unknown}
 v - 3 scrolls of immolation
 w - a scroll of enchant armour {unknown}
Potions
 e - 3 potions of invisibility {unknown}
 h - 4 potions of brilliance {unknown}
 n - a potion of degeneration {unknown}
 q - 2 potions of might {unknown}
 r - 2 potions of haste
 s - 4 potions of curing
 u - a potion of mutation {unknown}
 x - a potion of lignification {unknown}
 C - a potion of attraction {unknown}
 F - a potion of heal wounds


   Skills:
 + Level 7.3 Fighting
 * Level 9.7 Axes
 + Level 3.9 Throwing
 + Level 6.6 Armour
 + Level 6.2 Dodging
 + Level 4.6 Shields


You had 8 spell levels left.
You didn't know any spells.
Your spell library contained the following spells:

 Spells                   Type           Power      Damage    Failure   Level
 Dazzling Flash           Conj/Hex       0%         N/A       88%         3
 Iskenderun's Mystic Bla  Conj/Tloc      0%         2d3       99%         4
 Agony                    Necr           0%         N/A       100%        5
 Silence                  Hex/Air        0%         N/A       100%        5
 Starburst                Conj/Fire      0%         6d3       100%        6


Dungeon Overview and Level Annotations

Branches:
Dungeon (6/15)              Sewer (visited)
 Temple: D:4-7

Altars:
Okawaru

Shops:
D:5 [


Innate Abilities, Weirdness & Mutations

You have a pair of horns on your head.
You reflexively headbutt those who attack you in melee.


Message History

You start resting.
HP restored.
Found a scroll of teleportation.
The centaur shouts!
The centaur shoots an arrow.
The arrow hits you!
The centaur wields a +0 shortbow.
The centaur shoots an arrow.
The arrow hits you but does no damage.
The centaur shoots an arrow.
The arrow closely misses you.
The centaur shouts!
The centaur shoots an arrow.
You block the arrow.
The centaur wields a +2 shortbow of freezing.
It is covered in frost.
The centaur shoots an arrow.
The arrow barely misses you.
The centaur shoots an arrow.
The arrow closely misses you.
The centaur shoots an arrow.
The arrow hits you!
The centaur shoots an arrow.
The arrow misses you.
The centaur shoots an arrow.
The arrow hits you!
The centaur shoots an arrow.
The arrow hits you.
You hear a shout!
The centaur shoots an arrow.
The arrow closely misses you.
The centaur shoots an arrow.
The arrow hits you.
The centaur shoots an arrow.
The arrow hits you.
The centaur shoots an arrow.
The arrow hits you.
The centaur shoots an arrow.
The arrow hits you.
You see here a scroll of teleportation.
p - 3 scrolls of teleportation (gained 1)
The centaur shoots an arrow.
The arrow hits you but does no damage.
The centaur shoots an arrow.
The arrow hits you.
The centaur shoots an arrow.
The arrow hits you!
The centaur shoots an arrow.
The arrow hits you.
The centaur shoots an arrow.
The arrow hits you.
* * * LOW HITPOINT WARNING * * *
The arrow freezes you.
* * * LOW HITPOINT WARNING * * *
The centaur shoots an arrow.
The arrow hits you but does no damage.
The centaur shoots an arrow.
The arrow closely misses you.
The centaur shoots an arrow.
The arrow misses you.
The centaur shoots an arrow.
You block the arrow.
The centaur shoots an arrow.
The arrow hits you.
* * * LOW HITPOINT WARNING * * *
The centaur shoots an arrow.
The arrow hits you!
* * * LOW HITPOINT WARNING * * *
The centaur shoots an arrow.
The arrow hits you!
You die...

.≈≈≈≈.# ##.≈≈≈..#
#..≈≈≈c..# ≈≈
#.≈≈≈≈c... ≈≈≈
#.≈≈≈≈≈c..#c#..≈≈≈
#.≈≈≈≈≈c.......≈≈≈
#.≈≈≈≈≈≈c....c≈≈≈≈
#.≈≈≈≈≈≈≈≈cc≈≈≈≈≈≈
#@#≈≈≈≈≈≈≈≈≈≈≈≈≈≈≈
#..###≈≈≈≈≈≈≈≈≈≈≈≈
##..#####≈≈≈≈≈≈≈≈.
##.........≈≈≈≈..
#######.........
#.........
#.........
#.........
#.........


You could see 5 centaurs.

Vanquished Creatures
  A hornet (D:5)
  Grinder (D:6)
  A wraith (D:5)
  Eustachio (D:6)
  A water moccasin (Sewer)
  An orc warrior (D:6)
  A black bear (D:6)
  An ice beast (D:6)
  2 centaurs (D:6)
  3 phantoms
  A kobold brigand (D:6)
  A bullfrog (D:6)
  A gnoll sergeant (D:5)
  4 scorpions
  6 killer bees
  4 orc priests
  2 gnoll boudas
  Jessica (D:2)
  Natasha (twice) (D:3)
  2 iguanas
  5 orc wizards
  14 gnolls
  6 adders
  A shadow imp (D:5)
  2 ufetubi
  A worm (D:3)
  3 dart slugs
  20 orcs
  9 endoplasms
  6 giant cockroaches
  14 hobgoblins
  3 jackals (D:3)
  7 quokkas
  13 ball pythons
  7 bats
  6 goblins
  14 kobolds
  6 rats
174 creatures vanquished.

Notes
Turn   | Place    | Note
-------+----------+-------------------------------------------
     0 | D:1      | mcbry74 the Minotaur Berserker began the quest for the Orb.
     0 | D:1      | Reached XP level 1. HP: 19/19 MP: 0/0
   287 | D:1      | Found a faded altar of an unknown god.
   367 | D:1      | Reached XP level 2. HP: 27/27 MP: 1/1
   419 | D:1      | Reached skill level 4 in Axes
  1192 | D:2      | Reached XP level 3. HP: 33/33 MP: 2/2
  1354 | D:2      | Noticed Jessica
  1371 | D:2      | Killed Jessica
  1564 | D:2      | Reached XP level 4. HP: 39/40 MP: 3/3
  2381 | D:3      | Noticed Natasha
  2482 | D:3      | Reached ** piety under Trog
  2566 | D:3      | Reached skill level 5 in Axes
  2568 | D:3      | Reached XP level 5. HP: 47/47 MP: 4/4
  2804 | D:3      | Reached XP level 6. HP: 19/55 MP: 5/5
  3020 | D:3      | Found an iron altar of Okawaru.
  3134 | D:3      | Killed Natasha
  3135 | D:3      | Reached skill level 6 in Axes
  3464 | D:3      | Noticed Natasha
  3473 | D:3      | Killed Natasha
  3596 | D:4      | Reached skill level 5 in Fighting
  3757 | D:4      | Reached *** piety under Trog
  4330 | D:4      | Reached XP level 7. HP: 37/61 MP: 6/6
  5009 | D:5      | Entered Level 5 of the Dungeon
  5015 | D:5      | Identified a scroll of acquirement
  5015 | D:5      | Acquired 853 gold pieces
  5120 | D:5      | Found a glowing drain.
  5131 | Sewer    | Entered a sewer
  5174 | Sewer    | Reached skill level 7 in Axes
  5387 | D:5      | Reached skill level 1 in Shields
  5617 | D:5      | Found Iracops's Armour Emporium.
  5641 | D:5      | Reached skill level 1 in Throwing
  5761 | D:5      | Noticed a hornet
  5765 | D:5      | Paralysed by a hornet for 2 turns
  5774 | D:5      | Paralysed by a hornet for 2 turns
  5782 | D:5      | Killed a hornet
  5783 | D:5      | Reached skill level 5 in Armour
  5783 | D:5      | Reached XP level 8. HP: 11/70 MP: 7/7
  6446 | D:6      | Noticed Eustachio
  6483 | D:5      | Reached skill level 8 in Axes
  6483 | D:5      | Reached skill level 5 in Dodging
  6593 | D:6      | Killed Eustachio
  6631 | D:6      | Noticed Grinder
  6654 | D:6      | Killed Grinder
  6726 | D:6      | Reached XP level 9. HP: 36/78 MP: 8/8
  6783 | D:6      | Reached skill level 9 in Axes
  7550 | D:6      | Reached **** piety under Trog
  8331 | D:6      | Shot with an arrow by a centaur

Illustrated notes

Levels and vault maps discovered:
D:1:      dpeg_arrival_houses_and_road, layout_loops_cross,
          shapermc_ecumenical_altar_ellora, minmay_misc_feat_chi,
          corexii_hall_statues_t, chequers_serial_rivers_micro_c,
          chequers_arboretum
D:2:      layout_basic, hangedman_abyss_or_decor_lesser_grid,
          kennysheep_decorative_pillar, corexii_shack, minmay_unequal,
          uniq_jessica
D:3:      layout_loops_ring, okawaru_trees_1, grunt_ministairs_1, uniq_natasha
D:4:      layout_loops_ring
D:5:      layout_loops_ring, cheibrodos_sewer_entry_drain, serial_shops,
          nicolae_shop_hallway_stairs, kennysheep_generic_room_5
D:6:      layout_rooms, centaur_isle, uniq_grinder, uniq_eustachio

Skill      XL: |  1  2  3  4  5  6  7  8  9 |
---------------+----------------------------+-----
Axes           | 4 5 6 7 8 9 |  9.7
Fighting       | 4 5 6 7 |  7.3
Armour         | 3 4 5 6 |  6.6
Dodging        | 3 4 5 6 |  6.2
Shields        | 2 3 4 |  4.6
Throwing       | 1 3 |  3.9

Action                   |  1- 3 |  4- 6 |  7- 9 || total
-------------------------+-------+-------+-------++-------
Melee: Hand axe          |    50 |   220 |   314 ||   584
       Headbutt          |     6 |    39 |    49 ||    94
       Punch             |     1 |     2 |       ||     3
Throw: Stone             |     1 |     2 |    23 ||    26
       Dart              |       |       |    18 ||    18
       Boomerang         |       |       |     6 ||     6
Invok: Berserk           |       |     1 |     1 ||     2
       Trog's Hand       |       |     1 |     3 ||     4
  Use: Scroll            |     2 |     6 |     3 ||    11
       Potion            |       |       |     3 ||     3
Armor: Ring mail         |    16 |    88 |   128 ||   232
Dodge: Dodged            |    29 |   102 |   172 ||   303
Block: Buckler           |       |       |    51 ||    51
